Map: Orbital Shipyard

Players

Shamanas

  • Race: Terran Terran

llllllllllll - Winner!

  • Race: Zerg Zerg

VOD

Have the link to the VOD?

Description

Time

  • Played on: May 3, 2015, 9:12 a.m.
  • Length: 6:35
Show
View Real Time Build Order
Export as new Build Order

Shamanas Terran 

Build Orders: Reaper Expand 

Get SALT Encoding   

  12  0:01  SCV  
  13  0:13  SCV  
  14  0:18  Supply Depot  
  14  0:25  SCV  
  15  0:40  SCV  
  15  0:41  Barracks  
  16  0:45  Refinery  
  16  0:52  SCV  
  17  1:04  SCV  
  18  1:16  SCV  
  19  1:29  Reaper, Orbital Command  
  20  1:45  Command Center  
  20  1:48  Supply Depot  
  20  1:55  SCV  
  21  2:02  Barracks Reactor  
  21  2:09  SCV  
  22  2:22  SCV  
  23  2:27  Command Center  
  23  2:32  Factory  
  23  2:36  SCV  
  24  2:42  Marine x2  
  26  2:46  Refinery  
  26  2:48  SCV  
  27  3:00  Orbital Command  
  27  3:02  SCV  
  28  3:13  Marine  
  28  3:14  Marine  
  28  3:17  SCV  
  31  3:21  Factory Tech Lab  
  31  3:28  SCV  
  31  3:29  SCV  
  31  3:30  Factory  
  31  3:32  Refinery  
  31  3:34  Refinery, Marine x2  
  33  3:40  SCV, Orbital Command  
  36  3:42  SCV  
  36  3:48  Cyclone  
  39  3:52  SCV  
  39  3:54  SCV  
  41  3:59  Marine x2  
  43  4:04  SCV  
  43  4:06  SCV  
  45  4:10  SCV  
  45  4:16  SCV  
  47  4:22  Hellion  
  47  4:23  Hellion  
  51  4:31  SCV x2  
  51  4:36  Cyclone  
  51  4:37  Bunker, Orbital Command  
  54  4:44  SCV x2, Bunker  
  51  4:51  Hellion x2  
  54  4:55  Refinery  
  54  4:57  Missile Turret  
  54  4:59  Refinery  
  54  5:00  SCV x2, Missile Turret  
  49  5:09  Cyclone  
  50  5:16  Hellion  
  50  5:18  Hellion  
  51  5:23  SCV x2  
  53  5:31  Starport  
  53  5:32  Factory x2  
  53  5:35  SCV x2  
  49  5:44  Hellion x2  
  42  6:07  Hellion  
  42  6:10  Marine, Starport Tech Lab  
  45  6:17  SCV  
  45  6:18  SCV  
Show
View Real Time Build Order
Export as new Build Order

llllllllllll Zerg - Winner!

Build Orders: Hatch First 

Get SALT Encoding   

  12  0:02  Drone  
  13  0:13  Drone  
  14  0:16  Extractor  
  14  0:17  Drone  
  15  0:22  Overlord  
  15  0:41  Drone x2  
  17  0:52  Hatchery  
  17  0:54  Drone  
  17  0:58  Drone  
  18  1:10  Extractor  
  17  1:13  Spawning Pool  
  17  1:15  Drone  
  17  1:21  Drone  
  18  1:28  Drone  
  19  1:39  Overlord  
  19  2:01  Queen  
  21  2:04  Queen  
  21  2:06  Drone x3  
  26  2:11  Metabolic Boost  
  26  2:13  Zergling x2  
  27  2:17  Zergling x2  
  28  2:23  Zergling x2  
  28  2:27  Zergling x2  
  30  2:36  Drone  
  30  2:39  Queen  
  30  2:41  Queen  
  34  2:45  Overlord  
  34  3:00  Drone x2, Overlord  
  36  3:06  Zergling x2  
  36  3:07  Zergling x2  
  38  3:14  Zergling x8  
  38  3:15  Zergling x2  
  43  3:22  Overlord  
  43  3:33  Drone x4  
  47  3:39  Baneling Nest  
  47  3:40  Drone  
  47  3:41  Drone x2  
  49  3:45  Drone  
  49  3:46  Drone  
  51  3:55  Drone x3  
  53  4:01  Overlord x2  
  53  4:08  Drone x3  
  56  4:22  Zergling x2  
  56  4:23  Zergling x12  
  56  4:24  Baneling x5  
  62  4:25  Baneling  
  62  4:27  Baneling  
  62  4:30  Zergling x2  
  59  4:45  Zergling x14  
  60  4:46  Zergling x4  
  60  4:49  Lair  
  62  5:05  Hatchery  
  60  5:07  Baneling x4  
  60  5:08  Zergling x2  
  60  5:09  Zergling x8  
  60  5:10  Zergling x4  
  67  5:15  Zergling x2  
  69  5:21  Zergling x4  
  69  5:22  Baneling x2  
  69  5:23  Baneling  
  69  5:24  Zergling x4  
  70  5:38  Zergling x6  
  68  5:43  Zergling x2  
  68  5:47  Zergling x4  
  68  5:48  Zergling x2  
  68  5:49  Zergling x6  
  72  5:54  Drone x3, Extractor x2  
  71  5:57  Extractor  
  70  6:04  Baneling  
  70  6:05  Baneling x3  
  70  6:07  Zergling x4  
  70  6:10  Zergling x2  
  72  6:15  Overlord  
Tags
 
Add a new tag
Caveats
  • Supply blocks, unpowered buildings, or Contaminate may cause inaccurate times.
  • Supply counts are checked every 10 seconds.